[Event "Titled Tuesday Blitz July 25 Early 2023"]
[White "Hoffmann, Asa"]
[Black "Agibileg, Uurtsaikh"]
[WhiteFideId "2001470"]
[BlackFideId "4901606"]
[WhiteElo "2411"]
[BlackElo "2599"]
[Result "0-1"]
[Round "4"]
[TimeControl "180+2"]
[Date "2023.07.25"]
[WhiteClock "0:00:24"]
[BlackClock "0:00:12"]
[Board "143"]

1. d4 Nf6 2. Bg5 Ne4 3. Bf4 g6 4. f3 Nf6 5. e4 Bg7 6. Nc3 d6 7. Qd2 O-O 8. O-O-O a6 9. Bh6 b5 10. h4 Re8 11. h5 Bh8 12. hxg6 hxg6 13. Nh3 Bb7 14. Qg5 Nc6 15. Nf4 Nh7 16. Qg3 Nf8 17. Bxf8 Rxf8 18. Nxg6 fxg6 19. Bc4+ Kg7 20. Be6 Bc8 21. Bd5 Qe8 22. Qh4 e6 23. Qh7+ Kf6 24. Qxc7 exd5 25. Nxd5+ Ke6 26. Qh7 Ra7 27. Nc7+ Rxc7 28. Qxc7 Bxd4 29. c3 Be5 30. Kb1 Rf7 31. Qb6 Kd7 32. Qf2 g5 33. g3 Kc7 34. Qe3 Qe7 35. f4 gxf4 36. gxf4 Bxf4 37. Qd3 Bb7 38. Rh8 Nb4 0-1


[Site "https://www.chess.com"]

[Event "Titled Tuesday Blitz July 25 Early 2023"]
[White "Castaneda, Jhon David"]
[Black "Gracia Alvarez, Gerardo Antonio"]
[WhiteFideId "4405048"]
[BlackFideId "5109124"]
[WhiteElo "2589"]
[BlackElo "2411"]
[Result "1-0"]
[Round "4"]
[TimeControl "180+2"]
[Date "2023.07.25"]
[WhiteClock "0:00:49"]
[BlackClock "0:01:00"]
[Board "144"]

1. d4 Nf6 2. Nf3 g6 3. c4 Bg7 4. Nc3 O-O 5. e4 d6 6. Be2 c5 7. d5 e6 8. O-O exd5 9. cxd5 Re8 10. Nd2 Nbd7 11. f3 a6 12. a4 Rb8 13. Nc4 Ne5 14. Na3 h6 15. f4 Ned7 16. Bf3 Nf8 17. Re1 N6d7 18. Nc4 Qc7 19. a5 b5 20. axb6 Nxb6 21. Na5 Bd7 22. Be3 Bb5 23. Nxb5 axb5 24. Nc6 Ra8 25. Qb3 Nc4 26. Rxa8 Rxa8 27. Bc1 Ra1 28. e5 dxe5 29. Qxb5 Nd6 30. Qxc5 e4 31. Bxe4 Bxb2 32. Bd2 Rxe1+ 33. Bxe1 Nxe4 34. Ne7+ 1-0


[Site "https://www.chess.com"]

[Event "Titled Tuesday Blitz July 25 Early 2023"]
[White "Rodchenkov, Sergey D."]
[Black "Yashmetov, Mikhail"]
[WhiteFideId "4168712"]
[BlackFideId "24198900"]
[WhiteElo "2569"]
[BlackElo "2411"]
[Result "0-1"]
[Round "4"]
[TimeControl "180+2"]
[Date "2023.07.25"]
[WhiteClock "0:00:27"]
[BlackClock "0:00:05"]
[Board "145"]

1. e4 c5 2. Nf3 Nc6 3. d4 cxd4 4. Nxd4 Nf6 5. Nc3 e5 6. Ndb5 d6 7. Nd5 Nxd5 8. exd5 Nb8 9. a4 Be7 10. Be2 O-O 11. O-O Nd7 12. a5 a6 13. Nc3 f5 14. f4 Bf6 15. Kh1 exf4 16. Bxf4 Ne5 17. Ra3 Bd7 18. b4 Rc8 19. Na4 Bxa4 20. Rxa4 Rc3 21. b5 axb5 22. Bxb5 Qc7 23. a6 bxa6 24. Rxa6 Rxc2 25. Bc6 Rc5 26. Be3 Rc3 27. Bd4 Rc4 28. Ra7 Qc8 29. Bxe5 Bxe5 30. Ra8 Qc7 31. Rxf8+ Kxf8 32. Rxf5+ Bf6 33. Rf1 Re4 34. Qd2 Qe7 35. Rb1 Qe5 36. Qa5 g6 37. h3 Kg7 38. Qd2 Bg5 39. Qb4 Rxb4 40. Rxb4 Qe1+ 41. Kh2 Qxb4 42. h4 Qf4+ 43. g3 Qf2+ 44. Kh3 Be3 45. Kg4 Bd2 46. Kh3 Be1 0-1


[Site "https://www.chess.com"]

[Event "Titled Tuesday Blitz July 25 Early 2023"]
[White "Orlov, Oleg"]
[Black "Miszler, Levente"]
[WhiteFideId "4166612"]
[BlackFideId "763276"]
[WhiteElo "2567"]
[BlackElo "2409"]
[Result "0-1"]
[Round "4"]
[TimeControl "180+2"]
[Date "2023.07.25"]
[WhiteClock "0:02:04"]
[BlackClock "0:01:42"]
[Board "146"]

1. e4 c5 2. Nf3 d6 3. d4 cxd4 4. Nxd4 Nf6 5. Nc3 a6 6. Be3 Ng4 7. Bg5 h6 8. Bh4 g5 9. Bg3 Bg7 10. Be2 h5 11. h3 Nf6 12. Qd2 Nc6 13. Nf5 Bxf5 14. exf5 Qb6 15. O-O-O Ne4 16. Qe3 Qxe3+ 17. fxe3 Nxg3 18. Rhe1 Bxc3 19. bxc3 Nxe2+ 20. Rxe2 Kd7 21. e4 Ne5 22. g3 Rac8 23. Re3 Rc5 24. Rd4 Rhc8 25. Rb4 b5 26. Rb3 Nc4 27. Rd3 a5 28. Rd5 Rxd5 29. exd5 Rc5 30. a4 bxa4 31. Rb7+ Rc7 32. Rb8 a3 33. Kb1 Nd2+ 34. Ka2 Rxc3 35. Rh8 Nc4 36. Rxh5 Rxc2+ 37. Ka1 Nd2 38. Rxg5 Nb3+ 39. Kb1 Rb2# 0-1


[Site "https://www.chess.com"]

[Event "Titled Tuesday Blitz July 25 Early 2023"]
[White "Donskov, Anatoly"]
[Black "Vlassov, Nikolai"]
[WhiteFideId "24143413"]
[BlackFideId "4103360"]
[WhiteElo "2402"]
[BlackElo "2564"]
[Result "1/2-1/2"]
[Round "4"]
[TimeControl "180+2"]
[Date "2023.07.25"]
[WhiteClock "0:00:10"]
[BlackClock "0:00:03"]
[Board "147"]

1. e4 Nc6 2. Nf3 d5 3. exd5 Qxd5 4. Nc3 Qa5 5. h3 Nf6 6. a3 e5 7. Bb5 Bd7 8. O-O O-O-O 9. Ng5 Nd4 10. Bc4 Be6 11. Bxe6+ fxe6 12. Nf7 Bd6 13. Nxh8 Rxh8 14. d3 g6 15. Bg5 Nh5 16. b4 Qa6 17. Ne4 Nf4 18. c3 Nde2+ 19. Kh1 Qxd3 20. Bxf4 Nxf4 21. Qxd3 Nxd3 22. Nxd6+ cxd6 23. Rad1 Nb2 24. Rxd6 Re8 25. c4 Nxc4 26. Rc1 b5 27. a4 Kc7 28. Ra6 Kb7 29. axb5 Nb6 30. Rca1 Nc8 31. Rc6 Nb6 32. g3 Nd5 33. Rb1 e4 34. Re1 Nxb4 35. Rc4 Nd3 36. Re2 Kb6 37. Rcxe4 e5 38. Kg2 Kxb5 39. R2e3 Rd8 40. Re2 a5 41. Ra2 Rd5 42. h4 Nc5 43. Re3 a4 44. g4 e4 45. Rb2+ Kc4 46. Ree2 a3 47. Rbc2+ Kb3 48. Rc1 a2 49. Ra1 Nd3 50. Raxa2 Nf4+ 51. Kg3 Nxe2+ 52. Rxe2 Rd4 53. Kf4 e3+ 54. Kxe3 Rxg4 55. h5 gxh5 56. f4 h4 57. Rh2 h5 58. Ke4 Kc4 59. Ke5 Kd3 60. f5 Re4+ 61. Kd6 Ke3 62. f6 Kf3 63. f7 Rf4 64. Rxh4 Rxf7 65. Rxh5 Rf4 66. Re5 Re4 67. Ke6 Rxe5+ 68. Kxe5 1/2-1/2


[Site "https://www.chess.com"]

[Event "Titled Tuesday Blitz July 25 Early 2023"]
[White "Shishkov, Andrei"]
[Black "Rietze, Clemens, Dr."]
[WhiteFideId "4500563"]
[BlackFideId "24620351"]
[WhiteElo "2549"]
[BlackElo "2402"]
[Result "0-1"]
[Round "4"]
[TimeControl "180+2"]
[Date "2023.07.25"]
[WhiteClock "0:00:01"]
[BlackClock "0:00:15"]
[Board "148"]

1. d4 Nf6 2. c4 g6 3. f3 Bg7 4. e4 d6 5. Be3 O-O 6. Nc3 Nc6 7. Qd2 Bd7 8. O-O-O a6 9. h4 e5 10. d5 Nd4 11. Nce2 c5 12. dxc6 Nxc6 13. Qxd6 Qa5 14. Kb1 Be6 15. Qc5 Qc7 16. Nc3 Nd7 17. Qd6 Qa5 18. Nd5 Rfd8 19. Ne2 Rac8 20. Nec3 Bf8 21. Bb6 Nxb6 22. b4 Rxd6 23. bxa5 Nxa5 24. c5 Rxc5 25. Nf6+ Kg7 26. Ne8+ Kg8 27. Nxd6 Rxc3 28. Be2 Nc6 29. Nxb7 Nd4 30. Bxa6 Ra3 31. Bd3 Na4 32. Rd2 Bxa2+ 33. Kc1 Nb3+ 34. Kd1 Nxd2 35. Kxd2 Rb3 36. Na5 Rb2+ 0-1


[Site "https://www.chess.com"]

[Event "Titled Tuesday Blitz July 25 Early 2023"]
[White "Marn, Jan"]
[Black "Fiorito, Francisco"]
[WhiteFideId "14619245"]
[BlackFideId "180165"]
[WhiteElo "2402"]
[BlackElo "2544"]
[Result "0-1"]
[Round "4"]
[TimeControl "180+2"]
[Date "2023.07.25"]
[WhiteClock "0:00:02"]
[BlackClock "0:00:15"]
[Board "149"]

1. d4 Nf6 2. Nf3 c5 3. e3 g6 4. dxc5 Qa5+ 5. Nbd2 Qxc5 6. a3 Qc7 7. b4 Bg7 8. Bb2 O-O 9. Be2 b6 10. O-O Bb7 11. c3 d6 12. Qb3 Nbd7 13. Rac1 Rfc8 14. Rfd1 h6 15. a4 Ng4 16. h3 Nge5 17. Nd4 Nf6 18. c4 Rab8 19. Nb5 Qc6 20. Bf1 Ra8 21. Nd4 Qe8 22. Ba3 Rab8 23. Qa2 a6 24. Qb3 Rc7 25. Rc2 Rbc8 26. Rdc1 Ne4 27. Nb1 h5 28. Nc3 h4 29. Nd5 Bxd5 30. cxd5 Nd2 31. Rxc7 Rxc7 32. Qd1 Rxc1 33. Bxc1 Nxf1 34. Kxf1 b5 35. a5 Nc4 36. Nc6 Bf6 37. e4 Qd7 38. Qg4 Qe8 39. Bg5 Kg7 40. Bxf6+ exf6 41. Kg1 g5 42. Qf5 Nd2 43. f3 Nc4 44. Nd4 Ne3 0-1


[Site "https://www.chess.com"]

[Event "Titled Tuesday Blitz July 25 Early 2023"]
[White "Ramirez Vido, Robert Yorisan"]
[Black "Andreev, Konstantin"]
[WhiteFideId "3513823"]
[BlackFideId "24239305"]
[WhiteElo "2399"]
[BlackElo "2531"]
[Result "0-1"]
[Round "4"]
[TimeControl "180+2"]
[Date "2023.07.25"]
[WhiteClock "0:00:04"]
[BlackClock "0:01:55"]
[Board "152"]

1. f4 e5 2. fxe5 d6 3. exd6 Bxd6 4. Nf3 Nf6 5. d4 O-O 6. Bg5 h6 7. Bxf6 Qxf6 8. e4 Qg6 9. Nc3 Re8 10. Qd3 c5 11. O-O-O cxd4 12. Nxd4 Nc6 13. Nxc6 Bf4+ 14. Kb1 bxc6 15. g3 Be5 16. Ne2 Bg4 17. h3 Be6 18. Nf4 Qf6 19. Nxe6 fxe6 20. c3 Rab8 21. Kc2 Qf2+ 22. Rd2 Qb6 23. b3 Qa5 24. Kb1 Bxc3 25. Rdh2 Be5 0-1


[Site "https://www.chess.com"]

[Event "Titled Tuesday Blitz July 25 Early 2023"]
[White "Willy, Stephen"]
[Black "Goffredo_Fofi"]
[WhiteFideId "30981468"]
[WhiteElo "2398"]
[BlackElo "2529"]
[Result "1-0"]
[Round "4"]
[TimeControl "180+2"]
[Date "2023.07.25"]
[WhiteClock "0:01:23"]
[BlackClock "0:00:20"]
[Board "153"]

1. e4 g6 2. d4 Bg7 3. Nc3 c6 4. Bc4 b5 5. Bb3 a5 6. a3 d6 7. Nf3 Nf6 8. h3 O-O 9. Be3 Nfd7 10. Qd2 Na6 11. Bh6 e5 12. Rd1 Qe7 13. h4 Nf6 14. Qg5 b4 15. h5 Kh8 16. Bxg7+ Kxg7 17. hxg6 fxg6 18. Qh6+ Kh8 19. dxe5 dxe5 20. Nxe5 Qxe5 21. Qxf8+ 1-0


[Site "https://www.chess.com"]

[Event "Titled Tuesday Blitz July 25 Early 2023"]
[White "Bilan, Danila"]
[Black "dodoucb"]
[WhiteFideId "24161918"]
[WhiteElo "2527"]
[BlackElo "2397"]
[Result "1-0"]
[Round "4"]
[TimeControl "180+2"]
[Date "2023.07.25"]
[WhiteClock "0:00:04"]
[BlackClock "0:00:27"]
[Board "154"]

1. d4 Nf6 2. Nf3 e6 3. g3 b6 4. Bg2 Bb7 5. O-O g6 6. c4 Bg7 7. Nc3 Ne4 8. Qc2 Nxc3 9. Qxc3 c5 10. Bg5 Qc7 11. Qd3 Nc6 12. Bf4 Qc8 13. dxc5 bxc5 14. Bd6 Nd4 15. Nxd4 cxd4 16. c5 Bxg2 17. Kxg2 Qc6+ 18. Qf3 e5 19. b4 f5 20. b5 Qxf3+ 21. Kxf3 Kf7 22. Kg2 Ke6 23. a4 Rac8 24. Rfc1 Kd5 25. a5 Bf8 26. Bxf8 Rhxf8 27. b6 Rxc5 28. b7 d6 29. a6 e4 30. Rab1 Rb8 31. Kf1 g5 32. Ke1 f4 33. Kd2 Kc6 34. f3 e3+ 35. Kd3 Rxc1 36. Rxc1+ Kb6 37. Rc8 g4 38. Rxb8 gxf3 39. exf3 e2 40. Re8 e1=Q 41. Rxe1 d5 42. Rc1 Kxa6 43. b8=Q Ka5 44. Ra1# 1-0


[Site "https://www.chess.com"]

[Event "Titled Tuesday Blitz July 25 Early 2023"]
[White "Chor, Kevin"]
[Black "Astafurov, Arseniy"]
[WhiteFideId "2090740"]
[BlackFideId "24175218"]
[WhiteElo "2525"]
[BlackElo "2389"]
[Result "1-0"]
[Round "4"]
[TimeControl "180+2"]
[Date "2023.07.25"]
[WhiteClock "0:00:03"]
[BlackClock "0:00:02"]
[Board "155"]

1. e4 c5 2. Nf3 e6 3. d4 cxd4 4. Nxd4 Nc6 5. Nc3 Qc7 6. Be2 a6 7. O-O Nf6 8. a4 Be7 9. Kh1 O-O 10. f4 d6 11. Be3 Bd7 12. Qe1 Kh8 13. Qg3 Nxd4 14. Bxd4 Bc6 15. Bd3 Rad8 16. Rae1 b5 17. axb5 axb5 18. Qh3 e5 19. Be3 b4 20. Nd5 Bxd5 21. exd5 e4 22. Bb5 Qxc2 23. Bc6 Qxb2 24. g4 Nd7 25. g5 Nc5 26. f5 Qe5 27. Bf4 Qc3 28. Re3 Qc4 29. g6 fxg6 30. fxg6 h6 31. Ree1 Kg8 32. Be3 Rxf1+ 33. Rxf1 Rf8 34. Rg1 Qe2 35. Bxh6 1-0


[Site "https://www.chess.com"]

[Event "Titled Tuesday Blitz July 25 Early 2023"]
[White "Tarasova, Viktoriya"]
[Black "Santos Flores, Alberto"]
[WhiteFideId "4175840"]
[BlackFideId "3601234"]
[WhiteElo "2388"]
[BlackElo "2524"]
[Result "0-1"]
[Round "4"]
[TimeControl "180+2"]
[Date "2023.07.25"]
[WhiteClock "0:00:03"]
[BlackClock "0:00:44"]
[Board "156"]

1. d4 d5 2. c4 c6 3. Nf3 Nf6 4. Nc3 dxc4 5. a4 Bf5 6. Ne5 e6 7. f3 Bb4 8. Nxc4 O-O 9. Kf2 c5 10. e4 Bg6 11. Be3 cxd4 12. Qxd4 Qxd4 13. Bxd4 Nc6 14. Be3 Rfd8 15. Be2 Nd4 16. Rad1 Nxe2 17. Nxe2 Nd7 18. h4 f6 19. Nf4 Bf7 20. Nd6 Nc5 21. Nxf7 Kxf7 22. Bxc5 Bxc5+ 23. Ke2 Ke7 24. h5 a6 25. Rxd8 Rxd8 26. Rc1 Bb4 27. Nd3 Bd6 28. Rc3 Kd7 29. g4 Rc8 30. Rxc8 Kxc8 31. Kd2 Kd7 32. Kc3 Kc6 33. Kc4 b5+ 34. axb5+ axb5+ 35. Kc3 g6 36. hxg6 hxg6 37. b4 f5 38. exf5 exf5 39. gxf5 gxf5 40. Kd4 Bg3 41. Nc1 Kd6 42. Nd3 Bh2 43. f4 Bg1+ 44. Kc3 Kd5 45. Nc1 Ke4 46. Ne2 Bf2 47. Kc2 Bd4 48. Nc3+ Bxc3 49. Kxc3 Kxf4 50. Kd4 Kg4 51. Kc5 f4 52. Kxb5 f3 53. Kc6 f2 54. b5 f1=Q 55. b6 Qc4+ 56. Kd7 Qd5+ 57. Kc7 Qc5+ 58. Kb7 Kf5 59. Ka6 Qa3+ 60. Kb7 Ke6 61. Kc7 Qc5+ 62. Kb7 Kd6 63. Ka8 Qa5+ 0-1


[Site "https://www.chess.com"]

[Event "Titled Tuesday Blitz July 25 Early 2023"]
[White "Li, Hui"]
[Black "Shturman, Arseniy"]
[WhiteFideId "15400310"]
[BlackFideId "34275797"]
[WhiteElo "2388"]
[BlackElo "2512"]
[Result "0-1"]
[Round "4"]
[TimeControl "180+2"]
[Date "2023.07.25"]
[WhiteClock "0:00:01"]
[BlackClock "0:00:03"]
[Board "157"]

1. e4 c5 2. Nf3 Nc6 3. d4 cxd4 4. Nxd4 Nf6 5. Nc3 e5 6. Ndb5 d6 7. Bg5 a6 8. Na3 b5 9. Nd5 Be7 10. Bxf6 Bxf6 11. c3 Rb8 12. Nc2 Bg5 13. a4 bxa4 14. Ncb4 Nxb4 15. cxb4 Bd7 16. Bxa6 O-O 17. O-O g6 18. Bc4 Kg7 19. Rxa4 Bxa4 20. Qxa4 Qe8 21. Qxe8 Rfxe8 22. Ba6 Bd2 23. b5 Ba5 24. Rc1 Bb6 25. Rc6 Bc5 26. b4 Bd4 27. Kf1 Re6 28. b6 Bxb6 29. Rxb6 Rxb6 30. Nxb6 d5 31. Nxd5 Rxa6 32. b5 Ra2 33. b6 Rb2 34. Ke1 f5 35. exf5 gxf5 36. g3 Kf7 37. h4 Ke6 38. Nc7+ Kd6 39. Ne8+ Kd7 40. Nf6+ Ke6 41. Nxh7 Rxb6 42. Ng5+ Kf6 43. Nf3 e4 44. Nd4 Ke5 45. Ne2 Rb2 46. Nf4 Ra2 47. h5 e3 48. fxe3 Ke4 49. h6 Kxe3 50. Kf1 Rf2+ 51. Kg1 Ra2 52. h7 Kf3 53. h8=Q Kxg3 0-1


[Site "https://www.chess.com"]

[Event "Titled Tuesday Blitz July 25 Early 2023"]
[White "Schlecht, Daniel, Dr."]
[Black "Eggleston, Thomas A"]
[WhiteFideId "4623959"]
[BlackFideId "412139"]
[WhiteElo "2505"]
[BlackElo "2386"]
[Result "0-1"]
[Round "4"]
[TimeControl "180+2"]
[Date "2023.07.25"]
[WhiteClock "0:01:10"]
[BlackClock "0:00:45"]
[Board "158"]

1. Nf3 Nf6 2. c4 e6 3. Nc3 c5 4. d4 d5 5. cxd5 Nxd5 6. e4 Nxc3 7. bxc3 cxd4 8. cxd4 Bb4+ 9. Bd2 Bxd2+ 10. Qxd2 O-O 11. Bc4 Nd7 12. O-O b6 13. a4 Bb7 14. Rfe1 Rc8 15. Bd3 Qe7 16. a5 Rfd8 17. axb6 axb6 18. Ra7 Rc7 19. h4 e5 20. d5 Nc5 21. Bb5 f5 22. exf5 Bxd5 23. Rxc7 Qxc7 24. Qe3 e4 25. Nd4 Qf7 26. g4 h6 27. Kh2 Bc4 28. Bxc4 Qxc4 29. g5 Qxd4 30. Qf4 Qd6 0-1


[Site "https://www.chess.com"]

[Event "Titled Tuesday Blitz July 25 Early 2023"]
[White "Turzo, Attila"]
[Black "Rosenberg, Evan S"]
[WhiteFideId "704954"]
[BlackFideId "2019299"]
[WhiteElo "2500"]
[BlackElo "2386"]
[Result "1-0"]
[Round "4"]
[TimeControl "180+2"]
[Date "2023.07.25"]
[WhiteClock "0:00:46"]
[BlackClock "0:00:01"]
[Board "159"]

1. d4 d5 2. c4 e6 3. Nf3 c5 4. cxd5 exd5 5. Bg5 Qb6 6. Nc3 Be6 7. Na4 Qc7 8. dxc5 Bxc5 9. Rc1 Bb4+ 10. Bd2 Bxd2+ 11. Qxd2 Nc6 12. e3 Nge7 13. Be2 O-O 14. O-O Rad8 15. Nc5 Qb8 16. Rfd1 Rfe8 17. b4 Ng6 18. Nxe6 fxe6 19. b5 Nce5 20. Qb4 Nxf3+ 21. Bxf3 Rf8 22. Be2 Qe5 23. Qd4 Qb8 24. f4 e5 25. fxe5 Nxe5 26. Rf1 Rxf1+ 27. Rxf1 b6 28. Rf5 Ng6 29. Rxd5 Rxd5 30. Qxd5+ Kh8 31. Bc4 h6 32. g3 Ne5 33. a4 Qe8 34. Qe6 Qxe6 35. Bxe6 Nd3 36. Bb3 Nc5 37. Bc2 g5 38. Kf2 Kg7 39. Kf3 h5 40. h4 Kf6 41. hxg5+ Kxg5 42. e4 Ne6 43. e5 Nd4+ 44. Ke4 Nxc2 45. Kd5 Kf5 46. e6 Nb4+ 47. Kd6 Kf6 48. e7 Kf7 49. Kd7 1-0


[Site "https://www.chess.com"]

[Event "Titled Tuesday Blitz July 25 Early 2023"]
[White "Qiao, Cindy"]
[Black "Shubenkova, Veronika"]
[WhiteFideId "2620243"]
[BlackFideId "44124040"]
[WhiteElo "2383"]
[BlackElo "2500"]
[Result "0-1"]
[Round "4"]
[TimeControl "180+2"]
[Date "2023.07.25"]
[WhiteClock "0:00:10"]
[BlackClock "0:00:44"]
[Board "160"]

1. d4 d5 2. Bf4 e6 3. e3 Bd6 4. Bxd6 Qxd6 5. Qg4 g6 6. Nd2 Ne7 7. h4 e5 8. Qg3 Nd7 9. Ngf3 Nf5 10. Qh2 Qb4 11. Nxe5 Qxb2 12. Rb1 Qxa2 13. Bd3 Nf6 14. O-O O-O 15. Ndf3 b6 16. Nc6 Qa4 17. Bb5 Qxc2 18. Rfc1 Qe4 19. Qxc7 Be6 20. Qh2 Ng4 21. Qh3 Nxf2 22. Kxf2 Qxe3+ 23. Kf1 Nxd4 24. Qg3 Nxb5 25. Rxb5 Qxc1+ 0-1


[Site "https://www.chess.com"]

[Event "Titled Tuesday Blitz July 25 Early 2023"]
[White "Melikhov, Evgeny V."]
[Black "Ginzburg, Yakov"]
[WhiteFideId "4122046"]
[BlackFideId "4157176"]
[WhiteElo "2382"]
[BlackElo "2494"]
[Result "0-1"]
[Round "4"]
[TimeControl "180+2"]
[Date "2023.07.25"]
[WhiteClock "0:00:04"]
[BlackClock "0:00:11"]
[Board "161"]

1. d4 d5 2. c4 c6 3. Nc3 Nf6 4. e3 g6 5. Nf3 Bg7 6. Be2 O-O 7. O-O a6 8. c5 Bg4 9. Ne5 Bxe2 10. Qxe2 Nfd7 11. f4 f6 12. Nd3 e5 13. Bd2 e4 14. Nf2 f5 15. Na4 Kh8 16. Rfc1 g5 17. g3 gxf4 18. exf4 Bxd4 19. Bc3 Bxc3 20. bxc3 Qe7 21. Qe3 Nf6 22. Qd4 Nd7 23. Nd1 Rab8 24. Ne3 Qe6 25. Rab1 Kg8 26. Kf2 Rf7 27. Ke2 Nf8 28. Nb6 N6d7 29. Rg1 Nxb6 30. Rxb6 Qh6 31. g4 Rg7 32. Nxf5 Qxh2+ 33. Kd1 Ne6 34. Qe3 Rd7 35. Nd4 Qxf4 36. Qh3 Nxd4 37. cxd4 Rf8 38. Rb2 Qf3+ 39. Qxf3 Rxf3 40. Rh2 Rdf7 41. Ke2 Ra3 42. Rgg2 Rxa2+ 43. Ke1 Rxg2 44. Rxg2 Rf3 45. Rb2 Rd3 46. Rxb7 Rxd4 47. Rc7 Rc4 48. Rxc6 a5 49. Rc7 a4 50. Kd2 a3 51. Ra7 Rxc5 52. Rxa3 Kg7 53. Ra6 d4 54. Rd6 d3 55. Ke3 Rc4 56. g5 Kf7 57. Rf6+ Ke7 58. Rh6 Ra4 59. Rxh7+ Ke6 60. g6 Kf6 61. g7 Kf7 62. g8=Q+ Kxg8 63. Rd7 Kf8 64. Rh7 Rc4 65. Rd7 Ke8 66. Rh7 Kd8 67. Rg7 Rc7 68. Rg8+ Ke7 0-1


[Site "https://www.chess.com"]

[Event "Titled Tuesday Blitz July 25 Early 2023"]
[White "Topalov, Aleksandar"]
[Black "Rodriguez Fontecha, Marcos"]
[WhiteFideId "925659"]
[BlackFideId "2256576"]
[WhiteElo "2380"]
[BlackElo "2491"]
[Result "0-1"]
[Round "4"]
[TimeControl "180+2"]
[Date "2023.07.25"]
[WhiteClock "0:00:03"]
[BlackClock "0:00:04"]
[Board "162"]

1. b3 e5 2. Bb2 Nc6 3. c4 g6 4. Nc3 Bg7 5. g3 d6 6. Bg2 Be6 7. a3 Qd7 8. e3 Nge7 9. Nd5 O-O 10. Ne2 Nd8 11. O-O c6 12. Nxe7+ Qxe7 13. d4 Bg4 14. Re1 e4 15. Qc2 d5 16. a4 Ne6 17. Ba3 Qg5 18. Bxf8 Rxf8 19. cxd5 cxd5 20. Nf4 h5 21. h4 Qf5 22. Nxe6 fxe6 23. Ra2 g5 24. hxg5 Qxg5 25. Qc7 Rf7 26. Qb8+ Kh7 27. Qe8 Rf6 28. Rc2 h4 29. Rc7 Rg6 30. Rf7 hxg3 31. f4 Qh5 32. Rf8 Bxf8 33. Qxf8 Qh2+ 34. Kf1 Rg7 35. Qf6 Bf3 36. Bxf3 Qf2# 0-1


[Site "https://www.chess.com"]

[Event "Titled Tuesday Blitz July 25 Early 2023"]
[White "Namitbir Singh Walia"]
[Black "luksona14"]
[WhiteFideId "35071068"]
[WhiteElo "2368"]
[BlackElo "2491"]
[Result "1-0"]
[Round "4"]
[TimeControl "180+2"]
[Date "2023.07.25"]
[WhiteClock "0:00:59"]
[BlackClock "0:01:02"]
[Board "163"]

1. e4 c5 2. Nf3 Nc6 3. d4 cxd4 4. Nxd4 Nf6 5. Nc3 e5 6. Ndb5 d6 7. Bg5 a6 8. Na3 b5 9. Nd5 Be7 10. Bxf6 Bxf6 11. c3 Bg5 12. Nc2 Rb8 13. a4 bxa4 14. Ncb4 Nxb4 15. Nxb4 Bd7 16. Qxd6 Be7 17. Qxe5 O-O 18. Bxa6 Bxb4 19. cxb4 Rxb4 20. O-O Re8 21. Qd6 Rbxe4 22. Rad1 Qa8 23. Bd3 R4e7 24. Qg3 g6 25. h4 Qb7 26. Rd2 Bb5 27. h5 Bxd3 28. Qxd3 Qb3 29. Qxb3 axb3 30. Rd3 Rb8 31. Rfd1 Re2 32. h6 f5 33. Rd7 Rxb2 34. Rg7+ Kh8 35. Rdd7 Rb1+ 36. Kh2 b2 37. Rxh7+ Kg8 38. Rdg7+ 1-0


[Site "https://www.chess.com"]

[Event "Titled Tuesday Blitz July 25 Early 2023"]
[White "Kirillov, Dmitry"]
[Black "Sahil, Tickoo"]
[WhiteFideId "34180572"]
[BlackFideId "5019710"]
[WhiteElo "2485"]
[BlackElo "2362"]
[Result "1/2-1/2"]
[Round "4"]
[TimeControl "180+2"]
[Date "2023.07.25"]
[WhiteClock "0:00:04"]
[BlackClock "0:00:05"]
[Board "164"]

1. Nf3 d5 2. d4 Nf6 3. e3 c6 4. Bd3 Bg4 5. O-O e6 6. Nbd2 Nbd7 7. b3 Be7 8. Bb2 O-O 9. c4 a5 10. a3 Re8 11. h3 Bh5 12. Qc2 Bg6 13. Ne5 Nxe5 14. dxe5 Bxd3 15. Qxd3 Nd7 16. f4 Nc5 17. Qc2 dxc4 18. Nxc4 Qd3 19. Qxd3 Nxd3 20. Rfd1 Nxb2 21. Nxb2 Bc5 22. Kf2 Red8 23. a4 Kf8 24. Ke2 Ke7 25. Nc4 Bb4 26. Rxd8 Rxd8 27. Rd1 Rxd1 28. Kxd1 f6 29. exf6+ gxf6 30. Ke2 b5 31. Nb2 Ba3 32. Nd3 bxa4 33. bxa4 Kd6 34. Kd2 Kd5 35. Kc3 Ke4 36. Kd2 c5 37. Nf2+ Kd5 38. Kd3 c4+ 39. Kc2 Bb4 40. Ng4 f5 41. Ne5 Bd6 42. Nf7 Bc5 43. Kd2 Bb4+ 44. Kc2 Ke4 45. Ng5+ Kxe3 46. Nxe6 Kf2 47. g4 fxg4 48. hxg4 Kg3 49. Ng5 Kxg4 50. Nxh7 Kxf4 51. Nf6 Ke5 52. Nd7+ Kd6 53. Nf6 Kc5 54. Ne4+ Kd4 55. Ng5 Be7 56. Ne6+ Kd5 57. Nf4+ Kc5 58. Kc3 Bf6+ 59. Kc2 Be5 60. Ng6 Bd4 61. Nf4 Kb4 62. Ne6 Be3 63. Nc7 Kxa4 64. Nd5 Bd4 65. Nc7 Kb4 66. Nd5+ Kc5 67. Nc7 a4 68. Ne6+ Kb4 69. Nxd4 c3 70. Nc6+ Kb5 71. Kxc3 Kxc6 72. Kb4 Kb6 73. Kxa4 1/2-1/2


[Site "https://www.chess.com"]

[Event "Titled Tuesday Blitz July 25 Early 2023"]
[White "Fajdetic, Hrvoje"]
[Black "Bychkov, Vladimir"]
[WhiteFideId "14501945"]
[BlackFideId "24151513"]
[WhiteElo "2361"]
[BlackElo "2483"]
[Result "0-1"]
[Round "4"]
[TimeControl "180+2"]
[Date "2023.07.25"]
[WhiteClock "0:00:04"]
[BlackClock "0:00:28"]
[Board "165"]

1. f4 d5 2. Nf3 Nf6 3. e3 g6 4. Be2 Bg7 5. O-O c5 6. d3 Nc6 7. Qe1 Bg4 8. Ne5 Bxe2 9. Qxe2 Qd6 10. d4 O-O 11. c3 Rfd8 12. Nd2 Rab8 13. a4 a6 14. b3 cxd4 15. exd4 Rdc8 16. Ba3 Qd8 17. h3 e6 18. g4 Nd7 19. Rf3 b5 20. Bd6 Rb7 21. axb5 axb5 22. b4 Nb6 23. Bc5 Na4 24. f5 exf5 25. gxf5 Nxe5 26. dxe5 Nxc5 27. bxc5 Rxc5 28. e6 Rxc3 29. Ra6 Rxf3 30. Nxf3 gxf5 31. exf7+ Rxf7 32. Qe6 d4 33. h4 d3 34. Ng5 Qd4+ 35. Kg2 Qg4+ 36. Kf1 Qd1+ 37. Kg2 Qe2+ 38. Qxe2 dxe2 39. Re6 Rb7 40. Rxe2 Rb8 41. Re3 b4 42. Rb3 Bc3 43. Kf3 h6 44. Ne6 Kf7 45. Nf4 Rd8 0-1


[Site "https://www.chess.com"]

[Event "Titled Tuesday Blitz July 25 Early 2023"]
[White "Ronka, Erik"]
[Black "Llanos, Guillermo"]
[WhiteFideId "505080"]
[BlackFideId "100358"]
[WhiteElo "2480"]
[BlackElo "2357"]
[Result "0-1"]
[Round "4"]
[TimeControl "180+2"]
[Date "2023.07.25"]
[WhiteClock "0:02:06"]
[BlackClock "0:01:10"]
[Board "166"]

1. e4 Nf6 2. e5 Nd5 3. d4 d6 4. c4 Nb6 5. f4 g6 6. Nc3 Bg7 7. Be3 O-O 8. Nf3 Be6 9. d5 Bg4 10. h3 Bxf3 11. Qxf3 dxe5 12. O-O-O N8d7 13. h4 exf4 14. Bxf4 Ne5 15. Qe4 f5 16. Qd4 Nexc4 17. Qc5 Nxb2 18. h5 Nxd1 19. Bxc7 Nxc3 20. Bxd8 Rfxd8 21. Qxe7 Re8 22. Qxb7 Nxa2+ 23. Kd2 Rac8 24. Bb5 Bh6+ 25. Kd3 Nb4+ 26. Kd4 Be3# 0-1


[Site "https://www.chess.com"]

[Event "Titled Tuesday Blitz July 25 Early 2023"]
[White "Vifleemskaia, Svetlana"]
[Black "Koutlas, Nikolaos"]
[WhiteFideId "4129490"]
[BlackFideId "25827138"]
[WhiteElo "2356"]
[BlackElo "2479"]
[Result "0-1"]
[Round "4"]
[TimeControl "180+2"]
[Date "2023.07.25"]
[WhiteClock "0:00:01"]
[BlackClock "0:00:29"]
[Board "167"]

1. d4 Nf6 2. c4 e6 3. Nc3 Bb4 4. e3 Nc6 5. Ne2 d6 6. a3 Bxc3+ 7. Nxc3 e5 8. d5 Ne7 9. e4 O-O 10. g3 a5 11. Bg2 Bg4 12. Qc2 Nd7 13. O-O f5 14. f4 Ng6 15. h3 exf4 16. gxf4 Bh5 17. Be3 Qh4 18. Qf2 Qxf2+ 19. Rxf2 Rae8 20. Nb5 Rc8 21. exf5 Rxf5 22. Nd4 Rf7 23. Ne6 Ne7 24. Be4 Nf5 25. Bd2 Nc5 26. Bg2 b6 27. b4 Nb3 28. Ra2 a4 29. Rc2 Nfd4 30. Rc1 Ne2+ 31. Rxe2 Bxe2 32. Re1 Bxc4 33. Bc3 c6 0-1


[Site "https://www.chess.com"]